 Dungeon Crawl Stone Soup version 0.30.0 (webtiles) character file.

Game seed: 12537708197080937585

415 coolio the Trooper (level 6, -1/48 HPs)
             Began as a Demonspawn Fighter on May 6, 2023.
             Succumbed to a scorpion's poison
             ... on level 4 of the Dungeon.
             The game lasted 00:03:33 (2546 turns).

coolio the Trooper (Demonspawn Fighter)             Turns: 2546, Time: 00:03:34

Health: -1/48      AC:  7    Str: 16 (19) XL:     6   Next: 60%
Magic:  1/6        EV:  8    Int:  8 (9)  God:
Gold:   190        SH:  4    Dex: 11 (12) Spells: 5/5 levels left

rFire   . . .        a - +0 war axe
rCold   . . .        c - +0 buckler
rNeg    . . .        b - +0 scale mail
rPois   .            (helmet restricted)
rElec   .            (no cloak)
rCorr   .            (no gloves)
SInv    .            (no boots)
Will    .....        (no amulet) Stlth
                     (no ring)
HPRegen 0.28/turn    (no ring)
MPRegen 0.20/turn

%: guardian spirit
@: lethally poisoned (-1 -> -11)
A: antennae 1, foul stench 1, magic shield, magic regeneration
a: no special abilities


You were on level 4 of the Dungeon.
You visited 1 branch of the dungeon, and saw 4 of its levels.

You collected 190 gold pieces.

Inventory:

Hand Weapons
 a - a +0 war axe (weapon)
Armour
 b - a +0 scale mail (worn)
 c - a +0 buckler (worn)
Wands
 r - a wand of flame (8)
Scrolls
 e - a scroll of fog {unknown}
 f - 5 scrolls of teleportation {unknown}
 g - 7 scrolls of identify {unknown}
 i - a scroll of amnesia {unknown}
 j - 2 scrolls of vulnerability {unknown}
 l - a scroll of poison {unknown}
 o - 2 scrolls of noise {unknown}
 p - a scroll of summoning {unknown}
 q - a scroll of immolation {unknown}


   Skills:
 + Level 4.3 Fighting
 * Level 4.3 Axes
 + Level 3.8 Armour
 + Level 3.8 Shields


You had 5 spell levels left.
You didn't know any spells.
Your spell library contained the following spells:

 Spells                   Type           Power      Damage    Failure   Level
 Summon Small Mammal      Summ           0%         N/A       89%         1
 Ensorcelled Hibernation  Hex/Ice        0%         N/A       96%         2
 Call Canine Familiar     Summ           0%         N/A       99%         3
 Inner Flame              Hex/Fire       0%         N/A       99%         3
 Ozocubu's Armour         Ice            0%         N/A       99%         3
 Spider Form              Tmut/Pois      0%         N/A       99%         3
 Summon Guardian Golem    Hex/Summ       0%         N/A       99%         3
 Anguish                  Hex/Necr       0%         N/A       100%        4
 Flame Wave               Conj/Fire      0%         2d4       100%        4
 Sticky Flame             Conj/Fire      0%         2d3       100%        4
 Ozocubu's Refrigeration  Ice            0%         4d7       100%        7


Dungeon Overview and Level Annotations

Branches:
Dungeon (4/15)
 Temple: D:4-7

Altars:

Shops:
D:1 =!!((   D:2 *


Innate Abilities, Weirdness & Mutations

You have a pair of small antennae on your head.
You may rarely emit foul miasma when damaged in melee.
When hurt, damage is shared between your health and your magic reserves.
You regenerate magic rapidly.


Message History

You aren't carrying any potions.
You hit the scorpion.
The scorpion is moderately wounded.
You feel sick. The scorpion stings you.
* * * LOW HITPOINT WARNING * * *
The scorpion barely misses you.
You hit the scorpion.
The scorpion is heavily wounded.
* * * LOW HITPOINT WARNING * * *
You feel sick. The scorpion completely misses you.
Unknown command.
* * * LOW HITPOINT WARNING * * *
You feel sick. The scorpion misses you.
You are no longer corroded.
* * * LOW HITPOINT WARNING * * *
You feel sick.
You are no longer poisoned.
The giant cockroach waves its antennae.
The scorpion attacks as you move away!
The scorpion stings you but does no damage.
The scorpion attacks as you move away! You block the scorpion's attack.
You block the scorpion's attack. The scorpion stings you.
* * * LOW HITPOINT WARNING * * *
You barely miss the scorpion.
The scorpion is heavily wounded.
You block the scorpion's attack.
You hit the scorpion.
The scorpion is heavily wounded.
The giant cockroach waves its antennae.
The scorpion barely misses you. The scorpion stings you.
* * * LOW HITPOINT WARNING * * *
You hit the scorpion but do no damage.
The scorpion is heavily wounded.
The scorpion stings you.
You are lethally poisoned!
The scorpion poisons you!
You slash the scorpion!
You kill the scorpion!
You die...

##g# .........# #.. ... #.......#
#.. ... #.......# #.. .g#
#.......# ###.. ..# #.).....#
#...# .B# #.......# #.### ..#
#.......# #....
.g################.......########
.B....B..ggBggB†@.............###
#############################..##
#.... #.... ........ ####.##.
#.##. #.##. #. ##


You could see 4 gnolls and 2 giant cockroaches.

Vanquished Creatures
  Sigmund (D:3)
  A scorpion (D:4)
  A jelly (D:4)
  2 orc priests (D:3)
  An orc wizard (D:3)
  Robin (D:3)
  2 adders
  3 gnolls (D:2)
  A worm (D:2)
  2 dart slugs
  4 orcs (D:3)
  6 ball pythons
  7 endoplasms
  3 giant cockroaches
  10 goblins
  14 hobgoblins
  2 kobolds (D:2)
  5 quokkas
  7 bats
  3 frilled lizards (D:2)
  5 rats
81 creatures vanquished.

Notes
Turn   | Place    | Note
-------+----------+-------------------------------------------
     0 | D:1      | coolio the Demonspawn Fighter began the quest for the Orb.
     0 | D:1      | Reached XP level 1. HP: 18/18 MP: 1/1
    75 | D:1      | Gained mutation: You regenerate magic rapidly. [demonic
                  | ancestry]
    75 | D:1      | Reached XP level 2. HP: 19/24 MP: 2/2
   128 | D:1      | Found Wyabieph's Antique Weapon Boutique.
   178 | D:1      | Found Digase's Distillery.
   262 | D:1      | Found a faded altar of an unknown god.
   448 | D:1      | Found Muphurgh's Antique Weapon Shoppe.
   462 | D:1      | Gained mutation: You may rarely emit foul miasma when
                  | damaged in melee. [demonic ancestry]
   462 | D:1      | Reached XP level 3. HP: 29/29 MP: 3/3
   491 | D:1      | Found Qesa's Distillery.
   580 | D:1      | Found Yriurhat's Jewellery Shop.
   806 | D:2      | Found Fibits's General Store.
   908 | D:2      | Identified the +0 robe of Owkux {rCorr}
  1245 | D:2      | Gained mutation: You have a pair of small antennae on your
                  | head. [demonic ancestry]
  1245 | D:2      | Reached XP level 4. HP: 31/35 MP: 4/4
  1828 | D:3      | Noticed Sigmund
  1834 | D:3      | Killed Sigmund
  1835 | D:3      | Reached XP level 5. HP: 42/42 MP: 5/5
  1835 | D:3      | Gained mutation: When hurt, damage is shared between your
                  | health and your magic reserves. [demonic ancestry]
  1835 | D:3      | Reached XP level 6. HP: 48/48 MP: 6/6
  1854 | D:3      | Noticed Robin
  1857 | D:3      | Killed Robin
  2122 | D:3      | HP: 1/48 [orc priest/divine providence (9)]
  2135 | D:3      | HP: 1/72 [orc wizard/puff of flame (5)]
  2531 | D:4      | HP: 2/48 [poisoned by a scorpion]
  2546 | D:4      | Succumbed to a scorpion's poison

Illustrated notes

Levels and vault maps discovered:
D:1:      erik_arrival_orb_chamber, layout_loops_ring, serial_shops,
          nicolae_shop_pleasant_corner_grove, nicolae_shop_gaudy_bauble, shop,
          shop, shop_fountains, hellmonk_ecumenical_altar_inner_sanctum
D:2:      layout_loops_cross, serial_shops, shop
D:3:      layout_rooms, hangedman_decor_push, uniq_robin, uniq_sigmund
D:4:      layout_basic, mainiacjoe_overflow_catwalk, hangedman_minor_gate_pass

Skill      XL: |  1  2  3  4  5  6 |
---------------+-------------------+-----
Axes           | 2 3 4 |  4.3
Armour         | 3 |  3.8
Shields        | 3 |  3.8
Fighting       | 4 |  4.3

Action                     |  1- 3 |  4- 6 || total
---------------------------+-------+-------++-------
  Melee: War axe           |    90 |    96 ||   186
    Use: Potion            |       |     6 ||     6
 Armour: Scale mail        |    44 |    41 ||    85
         Skin              |       |    10 ||    10
  Dodge: Dodged            |    37 |    45 ||    82
  Block: Buckler           |    20 |    21 ||    41
